 Dungeon Crawl Stone Soup version 0.19.4-9-g45fd643 (webtiles) character file.

11666 doot the Quickloader (level 11, -15/99 HPs)
             Began as a Purple Draconian Abyssal Knight on Feb 18, 2017.
             Was a High Priest of Lugonu.
             Hit by a large rock thrown by a cyclops (57 damage)
             ... on level 11 of the Dungeon.
             The game lasted 00:37:37 (9786 turns).

doot the Quickloader (DrAK)                         Turns: 9786, Time: 00:37:37

Health: -15/99     AC: 11    Str: 21 (23) XL:     11   Next: 52%
Magic:  22/22      EV: 17    Int: 10 (12) God:    Lugonu [*****.]
Gold:   510        SH:  4    Dex: 12      Spells: 0 memorised, 10 levels left

rFire  + + .     SeeInvis .     b - +9 hand crossbow of Domination {penet, rF++ MP+9 Str+6}
rCold  . . .     Gourm    .     (armour unavailable)
rNeg   . . .     Faith    .     n - +0 buckler
rPois  +         Spirit   .     (helmet restricted)
rElec  .         Reflect  .     S - +1 cloak
rCorr  .         Harm     +     (no gloves)
MR     +....     Rnd*Rage +     h - +1 pair of boots
Stlth  ++........               W - amulet of harm
                                t - ring of poison resistance
                                c - +3 ring of evasion

@: no status effects
A: breathe power, unfitting armour, berserk 1, mutation resistance 1,
cold-blooded, MP-powered wands, AC +7
a: Breathe Dispelling Energy, Depart the Abyss, Bend Space, Banish, Corrupt,
Enter the Abyss, Renounce Religion


You were on level 11 of the Dungeon.
You worshipped Lugonu.
Lugonu was extremely pleased with you.
You were not hungry.

You visited 2 branches of the dungeon, and saw 12 of its levels.
You visited the Abyss 1 time.

You collected 510 gold pieces.

Inventory:

Hand Weapons
 a - a +5 mace
 b - the +9 hand crossbow of Domination (weapon) {penet, rF++ MP+9 Str+6}
   (You found it on level 4 of the Dungeon)

   Ammo fired by it will pass through the targets it hits, potentially hitting
   all targets in its path until it reaches maximum range.
   It affects your strength (+6).
   It greatly protects you from fire.
   It affects your magic capacity (+9).
 M - a +3 halberd of freezing
 N - a +1 dagger of freezing
Missiles
 k - 50 bolts (quivered)
Armour
 h - a +1 pair of boots (worn)
 n - a +0 buckler (worn)
 S - a +1 cloak (worn)
Jewellery
 c - a +3 ring of evasion (left hand)
 l - an uncursed ring of ice
 r - an uncursed ring of protection from cold
 t - a ring of poison resistance (right hand)
 w - an uncursed ring of fire
 F - an uncursed ring of stealth
 O - an uncursed ring of protection from cold
 W - an amulet of harm (around neck)
Wands
 e - a wand of lightning (6/15)
 H - a wand of paralysis (7/24)
 I - a wand of flame (48/48)
 P - a wand of slowing (18/48)
 Q - a wand of lightning (8/15)
 R - a wand of lightning (4/15)
Scrolls
 f - 4 scrolls of magic mapping
 g - a scroll of random uselessness {unknown}
 i - a scroll of immolation {unknown}
 j - 5 scrolls of teleportation
 o - 4 scrolls of identify
 s - 3 scrolls of recharging
 u - 3 scrolls of noise
 z - a scroll of amnesia {unknown}
 C - 2 scrolls of remove curse
 D - a scroll of holy word {unknown}
 E - 2 scrolls of fog {unknown}
 T - a scroll of torment {unknown}
 U - 2 scrolls of blinking
 V - a scroll of vulnerability {unknown}
 Y - a scroll of enchant armour {unknown}
Potions
 d - 2 potions of curing
 p - 2 potions of brilliance
 v - a potion of flight
 A - 2 potions of invisibility
 K - a potion of heal wounds
 L - a potion of lignification
 Z - a potion of haste
Miscellaneous
 B - a fan of gales
Comestibles
 m - a slice of pizza
 q - 4 meat rations
 x - 2 chunks of flesh
 y - 9 bread rations
 G - 2 fruits


   Skills:
 + Level 9.7 Fighting
 + Level 5.5 Maces & Flails
 * Level 12.4 Crossbows
 + Level 4.9 Dodging
 + Level 3.2 Stealth
 + Level 2.3 Shields
 + Level 3.9 Invocations


You had 10 spell levels left.
You didn't know any spells.

Dungeon Overview and Level Annotations

Branches:
Dungeon (11/15)            Temple (1/1) D:7
   Lair: D:8-11         Orc: D:9-12

Altars:
Ashenzari
Cheibriados
Dithmenos
Elyvilon
Fedhas
Gozag
Hepliaklqana
Kikubaaqudgha
Makhleb
Nemelex Xobeh
Okawaru
Qazlal
Ru
Sif Muna
Trog
Uskayaw
Vehumet
Xom
Yredelemnul
Zin
The Shining One

Annotations:
Abyss:1 Grinder


Innate Abilities, Weirdness & Mutations

You can breathe bolts of dispelling energy.
Your rich purple scales are hard. (AC +7)
You cannot fit into any form of body armour.
You are cold-blooded and may be slowed by cold attacks.
You tend to lose your temper in combat.
You are somewhat resistant to further mutation.
You expend magic power (3 MP) to strengthen your wands.


Message History

You shoot a bolt.
The bolt pierces through the hill giant!!
You kill the hill giant!
Lugonu accepts your kill.
You feel your dexterity returning.
A cyclops comes into view.
Firing (i - inventory):
k - 52 bolts (quivered)
Press: ? - help, Shift-Dir - straight line, f - cyclops
Aim: a cyclops You shoot a bolt.
The bolt pierces through the cyclops!
The cyclops is moderately wounded.
The cyclops throws a large rock.
The large rock hits you!!
Firing (i - inventory):
k - 51 bolts (quivered)
Press: ? - help, Shift-Dir - straight line, f/p - cyclops
Aim: a cyclops (moderately wounded)
You shoot a bolt. The bolt pierces through the cyclops!!
The cyclops is almost dead.
The cyclops throws a large rock.
The large rock hits you!!!
Ouch! That really hurt!
You die...

#. ### # #.# #..C.# #.
#.# #.##.# #
.#.##.###.##.# ...
......#......###.....
...#.#......@).....(
..........##......
#.#.####.#.....###..[...
........................
.#######.....#.#####.$..
#.###.#.#####....
#..(........... .
#....########## #.##.#


You could see a cyclops.

Vanquished Creatures
  A hydra (D:9)
  3 hill giants
  An ugly thing (D:8)
  A deep elf mage (D:10)
  Joseph (D:7)
  A gargoyle (D:10)
  A two-headed ogre (D:11)
  A troll (D:10)
  2 hippogriffs (D:10)
  10 yaks
  A hungry ghost (D:11)
  The ghost of vatarom the Firebug, an amateur DEFE (D:4)
  3 orc warriors
  3 ice beasts
  2 phantoms
  An eye of draining (D:7)
  A necrophage (D:7)
  4 ogres
  3 centaurs
  6 bullfrogs
  A wyvern zombie (D:10)
  7 scorpions
  A water moccasin skeleton (D:9)
  18 killer bees
  17 wights
  A howler monkey (D:6)
  A bullfrog zombie (D:6)
  A centaur zombie (D:10)
  A jelly (D:8)
  7 orc priests
  4 hounds
  10 orc wizards
  A centaur skeleton (D:7)
  3 iguanas
  Jessica (D:3)
  14 worker ants
  Terence (D:3)
  A killer bee zombie (D:10)
  A hound zombie (D:7)
  A hound skeleton (D:6)
  A worker ant zombie (D:11)
  13 adders
  A gnoll (D:3)
  A worm (D:2)
  2 dart slugs
  7 leopard geckos
  49 orcs
  4 ball pythons
  9 giant cockroaches
  9 goblins
  6 hobgoblins
  14 jackals
  7 quokkas
  8 bats
  6 frilled lizards
  A jackal skeleton (D:6)
  15 kobolds
  A leopard gecko skeleton (D:9)
  A quokka skeleton (D:4)
  6 rats (D:1)
300 creatures vanquished.

Vanquished Creatures (others)
  The ghost of Malhgor the Basher, a journeyman MiBe of Trog (D:10)
  A wyvern (D:9)
  An adder (D:9)
3 creatures vanquished.

Grand Total: 303 creatures vanquished

Notes
Turn   | Place    | Note
-------+----------+-------------------------------------------
     0 | Abyss:1  | doot the Draconian Abyssal Knight began the quest for the Orb.
     0 | Abyss:1  | Reached XP level 1. HP: 19/19 MP: 2/2
    53 | Abyss:1  | Noticed a small abomination
    97 | D:1      | Escaped the Abyss
   124 | D:1      | Reached * piety under Lugonu
   197 | D:1      | Reached XP level 2. HP: 24/26 MP: 3/3
   728 | D:2      | Reached XP level 3. HP: 33/33 MP: 4/4
  1008 | D:2      | Reached ** piety under Lugonu
  1249 | D:2      | Reached XP level 4. HP: 40/40 MP: 5/5
  1517 | D:2      | Found a faded altar of an unknown god.
  1517 | D:2      | Found a faded altar of an unknown god.
  1522 | D:2      | Found a faded altar of an unknown god.
  1524 | D:2      | Found a faded altar of an unknown god.
  1526 | D:2      | Found a blossoming altar of Fedhas.
  1691 | D:3      | Reached XP level 5. HP: 20/47 MP: 6/6
  2013 | D:3      | Found a sparkling altar of Nemelex Xobeh.
  2117 | D:3      | Noticed Terence
  2138 | D:3      | Killed Terence
  2138 | D:3      | Reached *** piety under Lugonu
  2202 | D:3      | Noticed Jessica
  2260 | D:3      | Killed Jessica
  2260 | D:3      | Reached skill level 1 in Shields
  2776 | D:3      | Noticed Grinder
  2777 | D:3      | Banished Grinder
  2777 | D:3      | Reached skill level 1 in Stealth
  2777 | D:3      | Reached XP level 6. HP: 53/53 MP: 7/7
  2783 | D:3      | Found a shadowy altar of Dithmenos.
  2783 | D:3      | Found a deep blue altar of Sif Muna.
  2947 | D:4      | Reached skill level 5 in Maces & Flails
  3025 | D:4      | Noticed vatarom's ghost (amateur DEFE)
  3251 | D:4      | Killed vatarom's ghost
  3251 | D:4      | Your scales start taking on a rich purple colour.
  3251 | D:4      | Reached XP level 7. HP: 37/60 MP: 8/8
  3378 | D:4      | Got a crude hand crossbow
  3403 | D:4      | Identified the +9 hand crossbow of Domination {penet, rF++ MP+9 Str+6} (You found it on level 4 of the Dungeon)
  3879 | D:4      | Reached skill level 1 in Crossbows
  4091 | D:5      | Entered Level 5 of the Dungeon
  4102 | D:5      | Found a glowing silver altar of Zin.
  4120 | D:5      | Reached skill level 5 in Fighting
  4165 | D:5      | Found a sacrificial altar of Ru.
  4183 | D:5      | Reached skill level 2 in Crossbows
  4185 | D:5      | You fall through a shaft!
  4637 | D:5      | Reached skill level 3 in Crossbows
  4655 | D:5      | Reached XP level 8. HP: 68/68 MP: 9/9
  4671 | D:5      | Reached skill level 4 in Crossbows
  4873 | D:6      | Reached skill level 5 in Crossbows
  4902 | D:6      | Reached **** piety under Lugonu
  5133 | D:6      | Reached skill level 6 in Crossbows
  5640 | D:7      | Found a staircase to the Ecumenical Temple.
  5654 | Temple   | Entered the Ecumenical Temple
  5877 | D:7      | Reached skill level 7 in Crossbows
  5896 | D:7      | Reached XP level 9. HP: 75/75 MP: 10/10
  6350 | D:7      | Noticed Joseph
  6358 | D:7      | Killed Joseph
  6358 | D:7      | Reached skill level 8 in Crossbows
  6811 | D:7      | Found a burning altar of Makhleb.
  6812 | D:7      | Noticed an Executioner
  6816 | D:7      | Noticed a hellwing
  6816 | D:7      | Noticed a smoke demon
  6916 | D:8      | Reached skill level 9 in Crossbows
  6932 | D:8      | Found a snail-covered altar of Cheibriados.
  6936 | D:8      | Reached ***** piety under Lugonu
  7159 | D:8      | Noticed a red ugly thing
  7183 | D:8      | Killed a red ugly thing
  7183 | D:8      | Reached skill level 10 in Crossbows
  7183 | D:8      | Reached XP level 10. HP: 73/86 MP: 11/11
  7446 | D:9      | Noticed a six-headed hydra
  7650 | D:9      | Killed a six-headed hydra
  7650 | D:9      | Reached skill level 11 in Crossbows
  8106 | D:10     | Entered Level 10 of the Dungeon
  8149 | D:10     | Noticed Malhgor's ghost (journeyman MiBe)
  8178 | D:9      | Found a glowing silver altar of Zin.
  8194 | D:10     | Banished Malhgor's ghost
  8366 | D:10     | Noticed a hill giant
  8413 | D:10     | Killed a hill giant
  8413 | D:10     | Reached XP level 11. HP: 95/95 MP: 13/13
  9343 | D:10     | Gained mutation: You tend to lose your temper in combat. [potion of mutation]
  9343 | D:10     | Gained mutation: You expend magic power (3 MP) to strengthen your wands. [potion of mutation]
  9343 | D:10     | Gained mutation: You are somewhat resistant to further mutation. [potion of mutation]
  9416 | D:10     | Noticed a deep elf mage
  9419 | D:10     | Killed a deep elf mage
  9541 | D:10     | Reached skill level 12 in Crossbows
  9671 | D:11     | Noticed a hill giant
  9685 | D:11     | Killed a hill giant
  9776 | D:11     | Noticed a hill giant
  9784 | D:11     | Killed a hill giant
  9786 | D:11     | Hit by a large rock thrown by a cyclops

Skill      XL: |  1  2  3  4  5  6  7  8  9 10 11 |
---------------+----------------------------------+-----
Fighting       | 4 5 7 8 9 |  9.7
Dodging        | 3 4 |  4.9
Maces & Flails | 3 4 5 |  5.5
Shields        | 1 2 |  2.3
Stealth        | 1 2 3 |  3.2
Crossbows      | 3 7 10 11 12 | 12.4
Invocations    | 3 |  3.9

Action                   |  1- 3 |  4- 6 |  7- 9 | 10-12 || total
-------------------------+-------+-------+-------+-------++-------
Melee: Mace              |   140 |   198 |    31 |       ||   369
       Tailslap          |    12 |    20 |     3 |       ||    35
 Fire: Hand crossbow     |       |       |   233 |   224 ||   457
Invok: Depart the Abyss  |     1 |       |       |       ||     1
       Banish            |       |     1 |       |     2 ||     3
 Abil: Breathe Dispellin |       |       |     5 |       ||     5
  Use: Scroll            |       |       |     8 |     2 ||    10
       Potion            |       |       |       |    12 ||    12
 Stab: Sleeping          |     2 |       |       |       ||     2
  Eat: Chunk             |     1 |     7 |    12 |     8 ||    28
       Beef jerky        |       |       |       |     1 ||     1
       Fruit             |       |       |       |     1 ||     1
Armor: Skin              |    36 |    46 |    22 |    12 ||   116
Dodge: Dodged            |   132 |   190 |    83 |    36 ||   441
Block: Buckler           |    15 |    30 |    15 |     4 ||    64
